 Dungeon Sprint DCSS version 0.26-a0-658-gbdda728c12 (webtiles) character file.

Game seed: 14655131289993689723

10002 sahdkjhfkaj the Impaler (level 11, -23/110 HPs)
             Began as a Purple Draconian Gladiator on Oct 4, 2020.
             Was a High Priest of Qazlal.
             Annihilated by a death cob (29 damage)
             ... in the Dungeon (Sprint VII: "The Pits").
             The game lasted 00:05:31 (3100 turns).

sahdkjhfkaj the Impaler (DrGl)                      Turns: 3100, Time: 00:05:31

Health: -23/110    AC: 14    Str: 21    XL:     11   Next: 30%
Magic:  0/20       EV: 19    Int: 11    God:    Qazlal [*****.]
Gold:   0          SH:  7    Dex: 12    Spells: 10/10 levels left

rFire    . . .     SeeInvis .   t - +2 halberd (venom)
rCold    . . .     Faith    .   (shield currently unavailable)
rNeg     . . .     Spirit   .   (armour unavailable)
rPois    .         Reflect  .   b - +0 hat
rElec    .         Harm     .   o - +0 cloak
rCorr    .         Rampage  .   (no gloves)
MR       +....     NoTele   +   (no boots)
Stlth    +.........             (no amulet)
HPRegen  0.28/turn              j - +3 ring of protection
MPRegen  0.17/turn              p - +3 ring of intelligence

@: protected from physical damage, slowed, repel missiles, very slow
A: breathe power, unfitting armour, cold-blooded, AC +7
a: Breathe Dispelling Energy, Upheaval, Elemental Force, Disaster Area, Renounce
Religion


You were in the Dungeon.
You worshipped Qazlal.
Qazlal was extremely pleased with you.
You visited 1 branch

Inventory:

Hand Weapons
 t - a +2 halberd of venom (weapon)
Missiles
 c - 3 throwing nets (quivered)
Armour
 b - a +0 hat (worn)
 o - a +0 cloak (worn)
Jewellery
 j - a +3 ring of protection (left hand)
 p - a +3 ring of intelligence (right hand)
Scrolls
 i - a scroll of blinking
 k - 3 scrolls of remove curse
 l - 5 scrolls of amnesia
 m - a scroll of summoning
 n - 2 scrolls of vulnerability
Potions
 a - a potion of invisibility
 d - 2 potions of curing
 e - 9 potions of heal wounds
 g - 3 potions of magic
 h - 3 potions of berserk rage
 q - 3 potions of might
 r - a potion of mutation
 s - a potion of brilliance


   Skills:
 + Level 14.0 Fighting
 * Level 17.5 Polearms
 - Level 1.7 Throwing
 + Level 12.2 Dodging
 - Level 12.0 Invocations


You had 10 spell levels left.
You didn't know any spells.
Your spell library was empty.

Dungeon Overview and Level Annotations

Branches:
Dungeon (1/1)

Altars:
Ashenzari
Cheibriados
Dithmenos
Elyvilon
Fedhas
Gozag
Hepliaklqana
Kikubaaqudgha
Makhleb
Nemelex Xobeh
Okawaru
Qazlal
Ru
Sif Muna
Trog
Uskayaw
Vehumet
Wu Jian
Xom
Yredelemnul
Zin
The Shining One
Beogh
Jiyva
Lugonu


Innate Abilities, Weirdness & Mutations

You can breathe bolts of dispelling energy.
Your rich purple scales are hard. (AC +7)
You cannot fit into any form of body armour.
You are cold-blooded and may be slowed by cold attacks.


Message History

The death cob is no longer encased in ice.
The death cob hits you!!
* * * LOW HITPOINT WARNING * * *
The death cob drains your vigour!
You feel as though you will be slow longer.
You block the death cob's attack.
The death cob hits you but does no damage.
You hear a bellow!
You hear an angry hiss.
Unknown command.
Nature churns violently around you!
You hear a bellow!
The death cob hits you!!
* * * LOW HITPOINT WARNING * * *
The death cob drains your vigour!
You feel as though you will be slow longer.
The death cob misses you. x3
Unknown command.
Unknown command.
You block the death cob's attack. The death cob hits you!!
You die...

†..#..#......#
.............#
'#####''###### ....##''#
##### #######
....##..###...###..' ..#
....##...##...##..# ..###
<...###..†##'##..## ..'.
....# ##.......○☼.## ..#
....###..###'###@§.##'## #
....##.)##.....##z.#...#○).#
######......≈≈.≈...○)≈)..○○○
######..##.≈..≈##°.#≈≈.#...#
..[[###..###'###...##+## #
..[.# ##..≈.......## ..))#
#...##'##≈.## ..))##...##
##≈ ..))##..## ##


You could see a death cob.

Vanquished Creatures
  Harold (D)
  A catoblepas (D)
  A death yak (D)
  4 skeletal warriors (D)
  A deep troll (D)
  2 deep elf magi (D)
  An elephant (D)
  A black mamba (D)
  2 cane toads (D)
  An efreet (D)
  A guardian mummy (D)
  A hornet (D)
  A bog body (D)
  5 dream sheep (D)
  A yak (D)
  2 tarantellas (D)
  A basilisk (D)
  Duvessa (D)
  A water moccasin (D)
  A floating eye (D)
  A black bear (D)
  An ice beast (D)
  A phantom (D)
  2 bullfrogs (D)
  Dowan (D)
  A small abomination (D)
  2 crimson imps (D)
  2 jellies (D)
  An iguana (D)
  2 adders (D)
  A white imp (D)
  An ooze (D)
  A worm (D)
  A leopard gecko (D)
  2 giant cockroaches (D)
  A goblin (D)
  A hobgoblin (D)
  2 quokkas (D)
  2 rats (D)
56 creatures vanquished.

Notes
Turn   | Place    | Note
-------+----------+-------------------------------------------
     0 | D        | sahdkjhfkaj the Draconian Gladiator began the quest for the
                  | Orb.
     0 | D        | Reached XP level 1. HP: 17/17 MP: 1/1
    17 | D        | Reached skill level 4 in Polearms
    17 | D        | Reached XP level 2. HP: 26/26 MP: 2/2
    21 | D        | Found a bloodstained altar of Trog.
    21 | D        | Found a shimmering blue altar of Sif Muna.
    21 | D        | Found a viscous altar of Jiyva.
    21 | D        | Found a hazy altar of Hepliaklqana.
    21 | D        | Found an opulent altar of Gozag.
    22 | D        | Found a glowing golden altar of the Shining One.
    22 | D        | Found a glowing silver altar of Zin.
    22 | D        | Found a basalt altar of Yredelemnul.
    22 | D        | Found a shimmering altar of Xom.
    22 | D        | Found an ornate altar of the Wu Jian Council.
    22 | D        | Found a sacrificial altar of Ru.
    22 | D        | Found a stormy altar of Qazlal.
    22 | D        | Found an iron altar of Okawaru.
    22 | D        | Found a sparkling altar of Nemelex Xobeh.
    22 | D        | Found a burning altar of Makhleb.
    22 | D        | Found a blossoming altar of Fedhas.
    22 | D        | Found a white marble altar of Elyvilon.
    22 | D        | Found a shadowy altar of Dithmenos.
    22 | D        | Found a snail-covered altar of Cheibriados.
    23 | D        | Found a radiant altar of Vehumet.
    23 | D        | Found a corrupted altar of Lugonu.
    23 | D        | Found a roughly hewn altar of Beogh.
    24 | D        | Found a hide-covered altar of Uskayaw.
    24 | D        | Found an ancient bone altar of Kikubaaqudgha.
    24 | D        | Found a broken altar of Ashenzari.
    27 | D        | Became a worshipper of Qazlal Stormbringer
   379 | D        | Reached * piety under Qazlal
   379 | D        | Reached skill level 5 in Polearms
   404 | D        | Noticed a crimson imp
   416 | D        | Reached ** piety under Qazlal
   416 | D        | Reached XP level 3. HP: 21/33 MP: 3/3
   430 | D        | Reached skill level 6 in Polearms
   618 | D        | Noticed a bullfrog
   619 | D        | Noticed an ice beast
   631 | D        | Killed a bullfrog
   631 | D        | Reached skill level 5 in Fighting
   631 | D        | Reached skill level 7 in Polearms
   631 | D        | Reached skill level 5 in Dodging
   631 | D        | Reached XP level 4. HP: 20/42 MP: 4/4
   668 | D        | Reached *** piety under Qazlal
   668 | D        | Reached XP level 5. HP: 17/50 MP: 5/5
   684 | D        | Killed an ice beast
   684 | D        | Reached skill level 9 in Polearms
   890 | D        | Reached XP level 6. HP: 60/60 MP: 6/6
   894 | D        | Reached **** piety under Qazlal
   990 | D        | Noticed a cane toad
  1006 | D        | Killed a cane toad
  1006 | D        | Reached skill level 11 in Polearms
  1006 | D        | Your scales start taking on a rich purple colour.
  1006 | D        | Reached XP level 7. HP: 20/69 MP: 7/7
  1347 | D        | Noticed Duvessa
  1347 | D        | Noticed Dowan
  1367 | D        | Killed Duvessa
  1367 | D        | Reached ***** piety under Qazlal
  1381 | D        | Killed Dowan
  1381 | D        | Reached skill level 12 in Polearms
  1683 | D        | Noticed a cane toad
  1683 | D        | Noticed a hornet
  1714 | D        | Killed a cane toad
  1714 | D        | Reached skill level 10 in Fighting
  1714 | D        | Reached XP level 8. HP: 62/79 MP: 8/8
  1726 | D        | Killed a hornet
  1726 | D        | Reached skill level 13 in Polearms
  2158 | D        | Noticed a dream sheep
  2162 | D        | Noticed a dream sheep
  2164 | D        | Killed a dream sheep
  2164 | D        | Reached skill level 5 in Invocations
  2164 | D        | Noticed a dream sheep
  2167 | D        | Noticed a dream sheep
  2168 | D        | Noticed a bog body
  2170 | D        | Noticed a dream sheep
  2207 | D        | Killed a dream sheep
  2211 | D        | Killed a dream sheep
  2211 | D        | Reached XP level 9. HP: 43/86 MP: 13/16
  2214 | D        | Reached skill level 10 in Invocations
  2218 | D        | Reached ****** piety under Qazlal
  2414 | D        | Noticed a black mamba
  2425 | D        | Killed a black mamba
  2445 | D        | Noticed a guardian mummy
  2447 | D        | Paralysed by a floating eye for 3 turns
  2458 | D        | Killed a guardian mummy
  2458 | D        | Reached skill level 14 in Polearms
  2479 | D        | Noticed a deep elf mage
  2481 | D        | Killed a deep elf mage
  2481 | D        | Reached skill level 10 in Dodging
  2481 | D        | Reached XP level 10. HP: 10/96 MP: 9/19
  2855 | D        | Noticed a deep troll
  2861 | D        | Noticed an elephant
  2892 | D        | Killed a deep troll
  3043 | D        | Reached skill level 15 in Polearms
  3061 | D        | Killed an elephant
  3078 | D        | Noticed a deep elf mage
  3079 | D        | Noticed a skeletal warrior
  3079 | D        | Noticed a skeletal warrior
  3079 | D        | Noticed a catoblepas
  3080 | D        | Killed a deep elf mage
  3080 | D        | Noticed a skeletal warrior
  3081 | D        | Noticed a skeletal warrior
  3081 | D        | Killed a skeletal warrior
  3081 | D        | Killed a skeletal warrior
  3081 | D        | Reached skill level 16 in Polearms
  3082 | D        | Killed a skeletal warrior
  3082 | D        | Killed a catoblepas
  3082 | D        | Reached XP level 11. HP: 107/107 MP: 5/20
  3085 | D        | Noticed Harold
  3088 | D        | Killed a skeletal warrior
  3088 | D        | Noticed a death yak
  3090 | D        | Noticed a death cob
  3097 | D        | Reached skill level 17 in Polearms
  3097 | D        | Killed Harold
  3098 | D        | Killed a death yak
  3100 | D        | Annihilated by a death cob

Illustrated notes

Levels and vault maps discovered:
D:        pitsprint [storerooms_1, entrance_room_1, metal_vault_5, armoury_3,
          mini_pit_1, grid_room_1, main_hall_1, silver_pit, the_coven_3,
          the_vestibule_1, steel_vault_4, golden_pit, hallway_of_sentries,
          crystal_vault_1, iron_vault_4, final_vault]

Skill      XL: |  1  2  3  4  5  6  7  8  9 10 11 |
---------------+----------------------------------+-----
Fighting       | 3 5 6 7 8 10 11 13 14 | 14.0
Polearms       | 4 5 7 9 11 12 13 14 16 17 | 17.5
Dodging        | 3 5 6 7 8 9 10 11 12 | 12.2
Invocations    | 9 12 | 12.0
Throwing       | |  1.7

Action                   |  1- 3 |  4- 6 |  7- 9 | 10-12 || total
-------------------------+-------+-------+-------+-------++-------
Melee: Trident           |    44 |    25 |    48 |       ||   117
       Tailslap          |     2 |     3 |    17 |     6 ||    28
       Halberd           |       |       |    58 |    30 ||    88
Invok: Upheaval          |       |       |     2 |     2 ||     4
       Disaster Area     |       |       |     1 |     5 ||     6
 Abil: Breathe Dispellin |       |       |     6 |     1 ||     7
  Use: Potion            |       |     2 |     7 |     1 ||    10
 Stab: Sleeping          |     1 |       |       |       ||     1
Armor: Skin              |    19 |     4 |    14 |     8 ||    45
Dodge: Dodged            |    38 |    13 |    55 |    22 ||   128
       Repelled          |       |       |     2 |       ||     2
Block: Other             |     1 |     1 |    18 |    12 ||    32

Table legend: (Time is in decaauts)
 A = Elapsed time spent in this place.
 B = Non-inter-level travel time spent in this place.
 C = Inter-level travel time spent in this place.
 D = Time resting spent in this place.
 E = Time spent auto-exploring this place.
 F = Levels seen in this place.
 G = Mean time per level.
                   A        B        C        D        E       F      G
               +--------+--------+--------+--------+--------+-----+--------+
         Total |   3054 |   2981 |     73 |   2322 |      0 |   1 | 3054.0 |
       Dungeon |   3054 |   2981 |     73 |   2322 |      0 |   1 | 3054.0 |
               +--------+--------+--------+--------+--------+-----+--------+

Top non-repeatable levels by time:
       D: 3054 daAuts
